 Dungeon Crawl Stone Soup version 0.30-b1-2-g02819fbbbe (webtiles) character file.

Game seed: 6646733690870168006

31 Fartwhistle the Changer (level 3, -1/34 HPs)
             Began as an Octopode Transmuter on June 8, 2023.
             Succumbed to a kobold's poison
             ... on level 3 of the Dungeon.
             The game lasted 00:02:14 (1937 turns).

Fartwhistle the Changer (Octopode Transmuter)       Turns: 1937, Time: 00:02:15

Health: -1/34      AC: 21    Str:  9    XL:     3   Next: 22%
Magic:  15/15      EV:  2    Int: 17    God:
Gold:   148        SH:  0    Dex: 12    Spells: 3/6 levels left

rFire   . .          .
                       - Unarmed
rCold   . . .        (no shield)
rNeg    . . .        (helmet currently unavailable)
rPois   +            (no amulet)
rElec   .            e - ring of magical power
rCorr   .            (no ring)
SInv    .            (no ring)
Will    .....        (no ring)
Stlth   +            (no ring)
HPRegen 0.25/turn    (no ring)
MPRegen 0.14/turn    (no ring)
                     (no ring)

%: no passive effects
@: lethally poisoned (-1 -> -13), tree-form
A: stationary, stasis, torment immunity, boosted hp, almost no armour,
(amphibious), 8 rings, (camouflage 1), (gelatinous body 1), (nimble swimmer 1),
(tentacles)
a: no special abilities


You were on level 3 of the Dungeon.
You were a tree.
You visited 1 branch of the dungeon, and saw 3 of its levels.

You collected 148 gold pieces.

Inventory:

Missiles
 d - 3 atropa-tipped darts
 f - 5 poisoned darts
Jewellery
 e - a ring of magical power (left branch)
 j - a ring of ice
Scrolls
 c - 2 scrolls of teleportation
 g - a scroll of poison {unknown}
Potions
 a - a potion of lignification
 b - 3 potions of ambrosia {unknown}
 h - a potion of mutation {unknown}
 i - a potion of flight {unknown}


   Skills:
 - Level 1.0 Fighting
 - Level 2.0 Dodging
 - Level 3.0 Unarmed Combat
 + Level 2.4 Spellcasting
 * Level 3.1 Transmutations


You had 3 spell levels left.
You knew the following spells:

 Your Spells              Type           Power      Damage    Failure   Level
a - Beastly Appendage     Tmut           24%        N/A       4%          1
b - Wereblood             Tmut           12%        N/A       8%          2

Your spell library contained the following spells:

 Spells                   Type           Power      Damage    Failure   Level
 Spider Form              Tmut/Pois      7%         N/A       28%         3
 Ignite Poison            Fire/Tmut/Pois 5%         N/A       34%         3
 Tukima's Dance           Hex            2%         N/A       50%         3
 Ice Form                 Ice/Tmut       7%         N/A       67%         4
 Passage of Golubria      Tloc           2%         N/A       88%         4
 Sticky Flame             Conj/Fire      2%         2d3       88%         4
 Yara's Violent Unravell  Hex/Tmut       3%         3d4       95%         5
 Ignition                 Fire           1%         3d3       100%        8


Dungeon Overview and Level Annotations

Branches:
Dungeon (3/15)

Altars:

Portals:
Sewer: D:3


Innate Abilities, Weirdness & Mutations

You are a tree.
Your roots penetrate the ground, keeping you stationary.
You cannot be teleported.
You are immune to unholy pain and torment.
Your maximum health is greatly increased.
You cannot wear most types of armour.
((You are amphibious.))
You can wear up to eight rings at the same time.
((Your skin changes colour to match your surroundings (Stealth+).))
((Your rubbery body absorbs attacks. (AC +1, EV +1)))
((You are camouflaged when in or above water. (Stealth+)))
((You have tentacles for arms and can constrict up to eight enemies at once.))


Message History

Your tentacle spike disappears.
You hear the slow rusting of a drain nearby.
A goblin comes into view. It is wielding a +0 dagger.
Found a glowing drain.
A goblin is nearby!
Found a scroll labelled VUOKHLI PAFAOX.
The adder hisses angrily.
Found a quarterstaff.
Found a stone staircase leading down.
Found a hand axe.
A kobold comes into view. It is wielding a +0 dagger of venom.
The kobold shouts!
The goblin shouts!
One of your tentacles grows a vicious spike.
The goblin hits you with a +0 dagger.
You barely miss the goblin. Your grab misses the goblin.
The goblin hits you with a +0 dagger.
A giant cockroach comes into view.
You miss the kobold. Your grab misses the kobold.
Your tentacle spike misses the kobold.
The goblin hits you with a +0 dagger.
The kobold hits you with a +0 dagger of venom.
You are lethally poisoned!
You are too injured to fight recklessly!
You are too injured to fight recklessly!
You are too injured to fight recklessly!
The goblin attacks as you move away! The goblin hits you but does no damage.
Your transformation is almost over.
You feel very sick. The goblin attacks as you move away!
The goblin barely misses you.
* * * LOW HITPOINT WARNING * * *
You feel very sick. The kobold attacks as you move away!
The kobold hits you with a +0 dagger of venom.
* * * LOW HITPOINT WARNING * * *
You are more poisoned.
* * * LOW HITPOINT WARNING * * *
You feel very sick.
Really quaff the potion of lignification?
Your tentacle spike disappears.
You turn into a tree.
Your roots penetrate the ground.
You die...

######≈≈≈.##....# #.# #≈≈##.#
...... #.# ..~≈..#.≈~....... #.#
......≈≈~..≈~......# #.####
......##≈...≈≈..#### #....#
........≈...##.. ####.# ####
............# # #.###...
...)........##############...#.##
.........g♣..........#.#.##
.....=?..K.#########.#.....
.).?B.........# #.###.##
......#######.# #.###.##
......#~~~S~#.# #.....#
......#~~∩~~+.# #######
..#...#~~~~~#.# # #...#######.#
.>).........#


You could see an adder, a giant cockroach, a goblin and a kobold.

Vanquished Creatures
  A gnoll (D:1)
  2 endoplasms
  2 giant cockroaches (D:2)
  2 goblins
  2 hobgoblins (D:3)
  2 quokkas (D:2)
  4 ball pythons
  2 bats
  A frilled lizard (D:1)
  A kobold (D:2)
  A rat (D:2)
20 creatures vanquished.

Notes
Turn   | Place    | Note
-------+----------+-------------------------------------------
     0 | D:1      | Fartwhistle the Octopode Transmuter began the quest for the
                  | Orb.
     0 | D:1      | Reached XP level 1. HP: 13/13 MP: 3/3
   387 | D:1      | Reached XP level 2. HP: 5/18 MP: 3/5
   799 | D:1      | Learned a level 2 spell: Wereblood
  1091 | D:2      | Found a faded altar of an unknown god.
  1358 | D:2      | Reached XP level 3. HP: 23/23 MP: 6/6
  1922 | D:3      | Found a glowing drain.
  1936 | D:3      | HP: 1/23 [poisoned by a kobold]
  1937 | D:3      | Succumbed to a kobold's poison

Illustrated notes

Levels and vault maps discovered:
D:1:      dpeg_arrival_round_c, layout_loops_corners
D:2:      layout_basic, nicolae_ecumenical_pavilion
D:3:      layout_basic, gup_sewer_entry_glass, chequers_serial_rivers_small_b

Skill      XL: |  1  2 |
---------------+-------+-----
Transmutations | 3 |  3.1
Fighting       | |  1.0
Dodging        | |  2.0
Unarmed Combat | |  3.0
Spellcasting   | |  2.4

Action                     || total
---------------------------++-------
  Melee: Unarmed           ||    38
         Kick              ||     9
         Constrict         ||    11
         Tentacles         ||     7
   Cast: Beastly Appendage ||    18
    Use: Scroll            ||     1
         Potion            ||     1
   Stab: Sleeping          ||     6
 Armour: Skin              ||     3
  Dodge: Dodged            ||    27
